 Dungeon Crawl Stone Soup version 0.30-b1-2-g02819fbbbe (webtiles) character file.

Game seed: 8321542142564595632

8 sanka the Magician (level 2, 0/16 HPs)
             Began as a Deep Elf Transmuter on May 10, 2023.
             Slain by a goblin
             ... wielding a +0 club
              (2 damage)
             ... on level 1 of the Dungeon.
             The game lasted 00:00:31 (224 turns).

sanka the Magician (Deep Elf Transmuter)             Turns: 224, Time: 00:00:32

Health: 0/16       AC:  2    Str:  7    XL:     2   Next: 0%
Magic:  7/9        EV: 12    Int: 17    God:
Gold:   14         SH:  0    Dex: 15    Spells: 8/9 levels left

rFire   . .          .
                       - Unarmed
rCold   . . .        (no shield)
rNeg    . . .        a - +0 robe
rPois   .            (helmet currently unavailable)
rElec   .            (no cloak)
rCorr   .            (no gloves)
SInv    .            (boots currently unavailable)
Will    .....        (no amulet)
Stlth   +            (no ring)
HPRegen 0.22/turn    (no ring)
MPRegen 0.11/turn

%: no passive effects
@: appendages
A: horns 2, talons 2
a: End Transformation


You were on level 1 of the Dungeon.
You had temporarily grown beastly horns and talons.
You visited 1 branch of the dungeon, and saw 2 of its levels.

You collected 14 gold pieces.

Inventory:

Armour
 a - a +0 robe (worn)
Scrolls
 c - a scroll of identify {unknown}
Potions
 b - a potion of lignification {!q}
 d - a potion of brilliance {unknown}


   Skills:
 - Level 0.7 Fighting
 - Level 2.4 Dodging
 - Level 2.4 Unarmed Combat
 + Level 4.0 Spellcasting
 - Level 2.1 Transmutations


You had 8 spell levels left.
You knew the following spells:

 Your Spells              Type           Power      Damage    Failure   Level
a - Beastly Appendage     Tmut           20%        N/A       6%          1

Your spell library contained the following spells:

 Spells                   Type           Power      Damage    Failure   Level
 Wereblood                Tmut           10%        N/A       10%         2
 Spider Form              Tmut/Pois      7%         N/A       30%         3
 Ice Form                 Ice/Tmut       7%         N/A       69%         4


Dungeon Overview and Level Annotations

Branches:
Dungeon (2/15)

Altars:


Innate Abilities, Weirdness & Mutations

You have temporarily grown beastly horns and talons.


Message History

You see here a bat corpse.
A goblin comes into view. It is wielding a +0 club.
There are monsters nearby!
You extend your transformation's duration.
An endoplasm comes into view.
The kobold hits you with a +0 dagger.
A hobgoblin comes into view.
You closely miss the kobold. Your kick misses the kobold.
The kobold barely misses you.
The hobgoblin drinks a potion.
The hobgoblin suddenly seems more resistant.
You barely miss the kobold. You headbutt the kobold.
You kill the kobold!
The goblin hits you but does no damage.
A goblin comes into view. It is wielding a +0 dagger.
You see here a bat corpse.
Your transformation is almost over.
The endoplasm attacks as you move away! The endoplasm closely misses you.
You extend your transformation's duration.
The endoplasm freezes you.
You are frozen.
You hit the endoplasm but do no damage. You punch the endoplasm.
The endoplasm is lightly wounded.
The endoplasm freezes you.
You are frozen.
* * * LOW HITPOINT WARNING * * *
You are too injured to fight recklessly!
You are too injured to fight recklessly!
You are too injured to fight recklessly!
You are too injured to fight recklessly!
You hit the endoplasm but do no damage. You headbutt the endoplasm.
You kill the endoplasm!
Your Spellcasting skill increases to level 4!
You have reached level 2!
Unknown command.
You completely miss the goblin. Your kick misses the goblin.
Your headbutt misses the goblin. The goblin hits you with a +0 club.
* * * LOW HITPOINT WARNING * * *
You hit the goblin but do no damage. Your headbutt misses the goblin.
The goblin hits you with a +0 club.
You die...

#### ..# ### #
#.###.############### #.
###.##....>..@gg†.....#
#.##.........#######.....#
#.............#
#..).##....
#..#.#.......## #...## ##.
#.......#...######...#
##.#.##.##............
#.#.##.###.........#g
#......###.......#. #
###.#............#.


You could see a hobgoblin (resistant) and a goblin.

Vanquished Creatures
  An endoplasm (D:1)
  A hobgoblin (D:2)
  A kobold (D:1)
  2 ball pythons
  A bat (D:1)
  2 rats
8 creatures vanquished.

Notes
Turn   | Place    | Note
-------+----------+-------------------------------------------
     0 | D:1      | sanka the Deep Elf Transmuter began the quest for the Orb.
     0 | D:1      | Reached XP level 1. HP: 11/11 MP: 6/6
     9 | D:1      | You fall into a shaft and drop 1 floor!
   223 | D:1      | Reached skill level 4 in Spellcasting
   223 | D:1      | Reached XP level 2. HP: 5/16 MP: 7/9
   224 | D:1      | Slain by a goblin

Illustrated notes

Levels and vault maps discovered:
D:1:      roderic_crossed_star, layout_loops_cross, minmay_pentomino_w4
D:2:      layout_basic, nicolae_half_adder

Skill      XL: |  1 |
---------------+----+-----
Spellcasting   | 4 |  4.0
Fighting       | |  0.7
Dodging        | |  2.4
Unarmed Combat | |  2.4
Transmutations | |  2.1

Action                     || total
---------------------------++-------
  Melee: Unarmed           ||    18
         Headbutt          ||     3
         Kick              ||     1
         Punch             ||     1
   Cast: Beastly Appendage ||     7
 Armour: Robe              ||     3
  Dodge: Dodged            ||    10
